 Dungeon Crawl Stone Soup version 0.16.0-6-gad6103a (webtiles) character file.

1398 Chiseanne the Skirmisher (level 8, -1/65 HPs)
             Began as a Mummy Monk on Mar 15, 2015.
             Slain by an orc warrior
             ... wielding a +0 hand axe
              (9 damage)
             ... on level 6 of the Dungeon.
             The game lasted 00:18:53 (4433 turns).

Chiseanne the Skirmisher (Mummy Monk)               Turns: 4433, Time: 00:18:54

Health: -1/65      AC:  9    Str: 14    XL:     8   Next: 41%
Magic:  0/8        EV: 11    Int: 11    God:
Gold:   243        SH:  0    Dex: 14    Spells: 0 memorised, 7 levels left

rFire  x . .     SeeInvis +     a - +2 morningstar (venom)
rCold  + + .     Clarity  .     e - +1 scale mail
rNeg   + + +     SustAb   .     (no shield)
rPois  ∞         Gourm    .     p - +0 helmet
rElec  .         Spirit   +     (no cloak)
rCorr  .         Warding  .     (no gloves)
rMut   .         Stasis   .     (no boots)
MR     +....                    f - amulet of guardian spirit
Stlth  ..........               h - ring of see invisible
                                q - ring of protection from cold

@: somewhat resistant to hostile enchantments, extremely unstealthy
A: no food or potions, fire vulnerability, restore body, cold resistance 1,
negative energy resistance 3, poison resistance, torment resistance, unbreathing
a: no special abilities


You were on level 6 of the Dungeon.
You were not hungry.

You visited 1 branch of the dungeon, and saw 6 of its levels.
You also visited: Sewer.

You collected 243 gold pieces.

Inventory:

Hand weapons
 a - a +2 morningstar of venom (weapon)
 k - a +1 hand crossbow of flaming
 w - a +0 blowgun
Missiles
 b - 11 arrows of flame
 c - 9 bolts
 d - 72 arrows
 i - 20 poisoned needles
 n - 3 curare-tipped needles
 s - a throwing net (quivered)
 u - 17 silver bolts
Armour
 e - a +1 scale mail (worn)
 p - a +0 helmet (worn)
Jewellery
 f - an amulet of guardian spirit (around neck)
 h - a ring of see invisible (right hand)
 q - a ring of protection from cold (left hand)
Magical devices
 r - a wand of paralysis (10)
Scrolls
 j - 3 scrolls of remove curse
 l - 5 scrolls of teleportation
 o - 2 scrolls of identify
 t - a scroll of enchant armour
Books
 g - a book of Envenomations

   Spells                             Type                      Level
   a - Spider Form                    Transmutation/Poison         3
   b - Alistair's Intoxication        Transmutation/Poison         4
   c - Olgreb's Toxic Radiance        Poison                       4
   d - Poisonous Cloud                Conjuration/Poison/Air       6
 m - a book of Geomancy

   Spells                             Type                      Level
   a - Sandblast                      Earth                        1
   b - Stoneskin                      Transmutation/Earth          2
   c - Passwall                       Transmutation/Earth          3
   d - Stone Arrow                    Conjuration/Earth            3
   e - Petrify                        Transmutation/Earth          4
   f - Lee's Rapid Deconstruction     Earth                        5


   Skills:
 * Level 6.3 Fighting
 * Level 5.3 Armour
 * Level 5.3 Dodging
 - Level 1.5 Stealth
 - Level 3.2 Unarmed Combat


You had 7 spell levels left.
You didn't know any spells.

Dungeon Overview and Level Annotations

Branches:
Dungeon (6/15)
 Temple: D:4-7

Altars:
Sif Muna
The Shining One

Annotations:
D:3 exclusion: door
D:4 Prince Ribbit


Innate Abilities, Weirdness & Mutations

You do not eat or drink.
Your flesh is vulnerable to fire.
Your flesh is cold resistant.
You are immune to negative energy.
Your system is resistant to poisons.
You are immune to unholy pain and torment.
You can survive without breathing.


Message History

The orc warrior hits you with a hand axe.
The bat barely misses you.
You barely miss the bat. The bat closely misses you.
The bat hits you but does no damage. The orc warrior barely misses you.
You barely miss the bat. The bat barely misses you.
The orc warrior hits you with a hand axe!
You closely miss the orc warrior. The bat hits you but does no damage.
The orc warrior hits you with a hand axe! x2
You barely miss the bat. The bat misses you. The bat barely misses you.
The bat hits you but does no damage.
The orc warrior hits you with a hand axe!
* * * LOW HITPOINT WARNING * * *
You closely miss the orc warrior. The bat closely misses you.
The orc warrior completely misses you.
You hit the orc warrior but do no damage.
The orc warrior is poisoned.
The bat hits you but does no damage.
The orc warrior hits you with a hand axe!
* * * LOW HITPOINT WARNING * * *
The orc warrior hits you with a hand axe!
You die...

....##
#.....#
.....#
....#
...#
..# #.#
#b# #@#
# #o#.#
#o#o#
#Y..#
#<..#
#...#
#.#.#
#.#...
#.#.###


You could see an orc warrior, a sky beast (invisible), an orc and a bat.

Vanquished Creatures
  Pikel (D:4)
  A sky beast (D:5)
  A phantom (D:4)
  Purgy (Sewer)
  Sigmund (D:4)
  A centaur (D:5)
  A scorpion (D:5)
  A crimson imp (D:5)
  A giant frog zombie (D:5)
  A quasit (D:5)
  An iguana (D:5)
  An orc wizard (D:4)
  A hound (D:4)
  4 worker ants
  9 adders
  4 giant mites
  5 worms
  An adder skeleton (D:5)
  4 giant geckos
  9 orcs
  15 bats
  A bat zombie (D:5)
  7 giant cockroaches
  14 goblins
  11 hobgoblins
  7 jackals (D:1)
  11 kobolds
  A quokka (D:2)
  4 ball pythons
  2 giant gecko skeletons (D:4)
  6 giant newts
  A quokka zombie (D:4)
  13 rats
  2 plants (D:2)
144 creatures vanquished.

Vanquished Creatures (others)
  An ooze (D:4)
  2 bats (D:4)
3 creatures vanquished.

Grand Total: 147 creatures vanquished

Notes
Turn   | Place    | Note
--------------------------------------------------------------
     0 | D:1      | Chiseanne, the Mummy Monk, began the quest for the Orb.
     0 | D:1      | Reached XP level 1. HP: 18/18 MP: 1/1
   327 | D:1      | Reached XP level 2. HP: 22/24 MP: 2/2
   601 | D:1      | Reached skill level 1 in Armour
   895 | D:1      | Reached XP level 3. HP: 29/29 MP: 3/3
  1775 | D:2      | Reached XP level 4. HP: 31/36 MP: 4/4
  2302 | D:3      | Found a deep blue altar of Sif Muna.
  2614 | D:3      | Found a glowing golden altar of the Shining One.
  2624 | D:3      | Reached skill level 4 in Fighting
  2855 | D:4      | Reached XP level 5. HP: 42/42 MP: 5/5
  2908 | D:4      | Found a glowing drain.
  2924 | Sewer    | Entered a sewer
  2996 | Sewer    | Noticed Purgy
  2999 | Sewer    | Killed Purgy
  2999 | Sewer    | Reached XP level 6. HP: 42/49 MP: 6/6
  3045 | D:4      | Noticed a slave
  3045 | D:4      | Noticed a slave
  3046 | D:4      | Noticed Pikel
  3057 | D:4      | Noticed a slave
  3058 | D:4      | Noticed a slave
  3062 | D:4      | Killed Pikel
  3062 | D:4      | Reached skill level 5 in Fighting
  3062 | D:4      | Reached XP level 7. HP: 24/56 MP: 2/7
  3096 | D:4      | Noticed a phantom
  3103 | D:4      | Killed a phantom
  3259 | D:4      | Noticed Sigmund
  3271 | D:4      | Killed Sigmund
  3346 | D:4      | Noticed Prince Ribbit
  3832 | D:5      | Entered Level 5 of the Dungeon
  3835 | D:5      | Reached XP level 8. HP: 62/64 MP: 8/8
  3838 | D:5      | Reached skill level 6 in Fighting
  3896 | D:5      | Reached skill level 5 in Dodging
  3946 | D:5      | Reached skill level 5 in Armour
  4433 | D:6      | Slain by an orc warrior

Action                   |  1- 3 |  4- 6 |  7- 9 || total
-------------------------+-------+-------+-------++-------
Melee: Unarmed           |   152 |   139 |       ||   291
       Morningstar       |       |    71 |   126 ||   197
 Fire: Blowgun           |       |       |     6 ||     6
  Use: Scroll            |     5 |     6 |     1 ||    12
 Stab: Sleeping          |     1 |       |       ||     1
